[Event "Titled Tuesday Blitz May 10 Early 2022"]
[White "Buscar, Michael"]
[Black "Ianov, Viktor"]
[WhiteFideId "2603616"]
[BlackFideId "14102730"]
[WhiteElo "2010"]
[BlackElo "2152"]
[Result "1/2-1/2"]
[Round "09"]
[TimeControl "180+1"]
[Date "2022.05.11"]
[WhiteClock "0:00:12"]
[BlackClock "0:00:38"]

1. d4 d6 2. c4 g6 3. Nf3 Bg7 4. g3 Nf6 5. Bg2 O-O 6. O-O c6 7. b3 Bf5 8. Bb2 a5 9. Nc3 Ne4 10. Nxe4 Bxe4 11. Nd2 Bxg2 12. Kxg2 d5 13. cxd5 cxd5 14. Rc1 Nc6 15. Nf3 e6 16. e3 a4 17. Ba3 Re8 18. bxa4 Qa5 19. Bc5 Qxa4 20. Rb1 Qxa2 21. Rxb7 Na5 22. Rb1 Nc4 23. Qb3 h5 24. Ng5 Qxb3 25. Rxb3 Nd2 26. Rb7 Nxf1 27. Kxf1 f6 28. Nf3 g5 29. h4 g4 30. Ne1 Reb8 31. Rxb8+ Rxb8 32. Nd3 Bh6 33. Bd6 Rb6 34. Bf4 Bf8 35. Ke2 Kf7 36. Bc7 Rc6 37. Ba5 Rc2+ 38. Kf1 Bd6 39. Bb4 Bxb4 40. Nxb4 Rc1+ 41. Kg2 Kg6 42. Nd3 Rc6 43. Nf4+ Kh6 44. Kf1 Rd6 45. Ke2 e5 46. dxe5 fxe5 47. Nd3 Re6 48. Nc5 Rb6 49. Nd7 Rb2+ 50. Kf1 e4 51. Nc5 Kg6 52. Ne6 Rd2 53. Nf4+ Kh6 54. Ke1 Ra2 55. Ne6 Ra1+ 56. Ke2 Ra5 57. Nd4 Kg6 58. Ne6 Kf6 59. Nf4 Ke5 60. Nxh5 Ra2+ 61. Kf1 d4 62. exd4+ Kxd4 63. Nf6 e3 64. fxe3+ Kxe3 65. Nxg4+ Kf3 66. Ne5+ Kxg3 67. h5 Ra5 68. Nd3 Rxh5 69. Ke2 Rd5 70. Ke3 Ra5 71. Ke4 Ra4+ 72. Ke3 Ra3 73. Ke4 Ra1 74. Ne5 Re1+ 75. Kd4 Ra1 76. Ke4 Ra4+ 77. Ke3 Kh4 78. Nd3 Kg5 79. Nc5 Ra5 80. Kd4 Kf5 81. Nd3 Ra1 82. Nc5 Rd1+ 83. Kc4 Ke5 84. Nb3 Kd6 85. Nd4 Rh1 86. Nb3 Rh4+ 87. Kd3 Kd5 88. Nd2 Rh3+ 89. Ke2 Kd4 90. Nf3+ Kc3 91. Kf2 Kd3 92. Kg2 Rh8 93. Kf2 Ke4 94. Nd2+ Kf4 95. Nf1 Ra8 96. Ke2 Ra1 97. Nd2 Ra2 98. Kd3 Ra3+ 99. Kc4 Ra2 100. Nb3 Ke3 101. Nc5 Rc2+ 102. Kd5 Rc1 103. Ne6 Rd1+ 104. Ke5 Ra1 105. Nf4 Ra5+ 106. Nd5+ Kd3 107. Ke6 Kd4 108. Nc7 Ra7 109. Ne8 Kc5 110. Nf6 Ra6+ 111. Ke5 Kc6 112. Ne4 Ra5+ 113. Kd4 Ra4+ 114. Ke5 Ra1 115. Kd4 Rd1+ 116. Ke5 Re1 117. Kd4 Kd7 118. Ke5 Ke7 1/2-1/2


[Site "https://www.chess.com"]

[Event "Titled Tuesday Blitz May 10 Early 2022"]
[White "Cagara, Paulina"]
[Black "Clawitter, Craig"]
[WhiteFideId "1124870"]
[BlackFideId "2023105"]
[WhiteElo "1800"]
[BlackElo "2270"]
[Result "1-0"]
[Round "09"]
[TimeControl "180+1"]
[Date "2022.05.11"]
[WhiteClock "0:01:09"]
[BlackClock "0:00:09"]

1. e4 e6 2. d4 d5 3. Nc3 Bb4 4. exd5 exd5 5. Bd3 Nf6 6. Bg5 O-O 7. Bxf6 Qxf6 8. Ne2 c6 9. O-O Bf5 10. Ng3 Bg6 11. Qg4 Bxd3 12. cxd3 Qg6 13. Qf3 Nd7 14. a3 Bd6 15. Nf5 Qf6 16. Qg4 Bc7 17. Rfe1 Rae8 18. g3 g6 19. Nh6+ Kg7 20. Qxd7 Rxe1+ 21. Rxe1 Bb6 22. Qh3 Bxd4 23. Ng4 Qf3 24. Qh6+ Kg8 25. Ne3 Re8 26. Qf4 Qxf4 27. gxf4 Bb6 28. Nc2 Rxe1+ 29. Nxe1 Bc7 30. f5 gxf5 31. Kg2 Kg7 32. Nf3 Kf6 33. d4 Bd6 34. Ne2 f4 35. Kh3 Kf5 36. Nc3 f6 37. Nh4+ Kg5 38. f3 Bc7 39. Ne2 Bd6 40. b4 a5 41. bxa5 Bxa3 42. Ng2 Bd6 43. Ne1 Bc7 44. Nd3 Kf5 45. Nc5 Bxa5 46. Nxb7 Bc7 47. Nc5 Bb6 48. Nd7 Bc7 49. Kg2 Ke6 50. Nc5+ Kf5 51. Nc3 Bb6 52. N3a4 Bxc5 53. Nxc5 Kg5 54. Kh3 Kh5 55. Ne6 h6 56. Nxf4+ Kg5 57. Ne6+ Kf5 58. Nc5 Kf4 59. Kg2 Ke3 60. Ne6 f5 61. Kg3 Kd3 62. Kf4 Kc4 63. Kxf5 c5 64. dxc5 d4 65. c6 d3 66. c7 d2 67. c8=Q+ Kd3 68. Qd7+ Ke2 69. Nf4+ Kxf3 70. Qxd2 h5 71. Qe2# 1-0


[Site "https://www.chess.com"]

[Event "Titled Tuesday Blitz May 10 Early 2022"]
[White "Cramling Bellon, Anna"]
[Black "Priyanka, K"]
[WhiteFideId "32009232"]
[BlackFideId "5082986"]
[WhiteElo "1905"]
[BlackElo "1905"]
[Result "0-1"]
[Round "09"]
[TimeControl "180+1"]
[Date "2022.05.11"]
[WhiteClock "0:00:03"]
[BlackClock "0:00:08"]

1. d4 Nf6 2. c4 g6 3. Nc3 Bg7 4. e4 d6 5. h3 O-O 6. Bg5 h6 7. Be3 e5 8. d5 Nbd7 9. Nf3 Nc5 10. Qc2 a5 11. Be2 Nh5 12. g3 f5 13. Nh4 Qf6 14. Bxh5 gxh5 15. Bxc5 dxc5 16. Qe2 f4 17. Qxh5 fxg3 18. f3 Qf4 19. Ne2 Qe3 20. Rg1 Qf2+ 21. Kd2 Ra6 22. Rxg3 Raf6 23. Rag1 R8f7 24. Qxe5 Bd7 25. Qxf6 Rxf6 26. Rxg7+ Kf8 27. Rxd7 Qxh4 28. Rd8+ Ke7 29. Rgg8 Rxf3 30. Rge8+ Kf7 31. Rf8+ Kg7 32. Rde8 Rxf8 33. Rxf8 Kxf8 34. e5 Qg5+ 35. Kd3 Qxe5 36. Nc3 Qd4+ 37. Kc2 Qxc4 38. b3 Qd4 39. Nb5 Qxd5 40. Nxc7 Qe4+ 41. Kc3 Qe5+ 42. Kc4 Qxc7 43. Kb5 Qc6+ 44. Kc4 b5+ 0-1


[Site "https://www.chess.com"]

[Event "Titled Tuesday Blitz May 10 Early 2022"]
[White "Csonka, Balazs"]
[Black "Wagh Suyog"]
[WhiteFideId "742910"]
[BlackFideId "25071688"]
[WhiteElo "2404"]
[BlackElo "2181"]
[Result "0-1"]
[Round "09"]
[TimeControl "180+1"]
[Date "2022.05.10"]
[WhiteClock "0:00:01"]
[BlackClock "0:00:04"]

1. d4 Nf6 2. c4 g6 3. Nc3 Bg7 4. g3 d5 5. cxd5 Nxd5 6. Bg2 Nxc3 7. bxc3 O-O 8. e3 c5 9. Ne2 Nc6 10. O-O cxd4 11. cxd4 Qa5 12. Qb3 Qc7 13. Ba3 Na5 14. Qb4 Nc6 15. Qa4 Bd7 16. Rac1 Qd8 17. Qb3 Rb8 18. Rfd1 h5 19. Nf4 Na5 20. Qb4 Re8 21. d5 Be5 22. Ne6 Qb6 23. Qe4 Bd6 24. Rb1 Qa6 25. Bf1 b5 26. Bb2 Nc4 27. Ba1 Qxa2 28. Qd4 Be5 29. Bxc4 Bxd4 30. Bxa2 Bxa1 31. Nc5 Bg4 32. Rxa1 Bxd1 33. Rxd1 a5 34. d6 exd6 35. Rxd6 Rec8 36. Nd7 Rd8 37. Rxg6+ Kh7 38. Rd6 Kg7 39. Rd5 Rb7 40. Nc5 Rxd5 41. Bxd5 Rc7 42. Nd3 a4 43. Kf1 Rc3 44. Ke2 Rc2+ 45. Kd1 Rc3 46. Kd2 Rc7 47. e4 Kf6 48. f4 Ke7 49. e5 Rd7 50. Be4 b4 51. Bc6 Ra7 52. Nc5 a3 53. Nb3 Rc7 0-1


[Site "https://www.chess.com"]

[Event "Titled Tuesday Blitz May 10 Early 2022"]
[White "Cunha, Lucas Aguiar"]
[Black "Demin, Vladimir"]
[WhiteFideId "2125404"]
[BlackFideId "4167457"]
[WhiteElo "2361"]
[BlackElo "2450"]
[Result "1-0"]
[Round "09"]
[TimeControl "180+1"]
[Date "2022.05.11"]
[WhiteClock "0:01:34"]
[BlackClock "0:01:48"]

1. e4 Nf6 2. e5 Nd5 3. d4 d6 4. Nf3 dxe5 5. Nxe5 g6 6. g3 Bg7 7. Nf3 O-O 8. Bg2 Nd7 9. O-O c5 10. c4 N5b6 11. dxc5 Nxc5 12. Qe2 Bf5 13. Rd1 Nd3 14. Na3 Nxc1 15. Raxc1 Qc8 16. c5 Na4 17. Qb5 Nxb2 18. Rd2 a6 19. Qb3 Be6 20. Qb4 a5 21. Qb5 Bd7 22. Rxd7 1-0


[Site "https://www.chess.com"]

[Event "Titled Tuesday Blitz May 10 Early 2022"]
[White "Cunjalo, Faris"]
[Black "Bilych, Olexiy"]
[WhiteFideId "14410710"]
[BlackFideId "14156504"]
[WhiteElo "2263"]
[BlackElo "2176"]
[Result "0-1"]
[Round "09"]
[TimeControl "180+1"]
[Date "2022.05.10"]
[WhiteClock "0:00:02"]
[BlackClock "0:00:39"]

1. d4 Nf6 2. c4 e6 3. Nf3 d5 4. Nc3 Bb4 5. cxd5 exd5 6. Bg5 h6 7. Bh4 g5 8. Bg3 Ne4 9. Nd2 Bf5 10. Ndxe4 Bxe4 11. e3 O-O 12. h4 Nc6 13. hxg5 hxg5 14. Qh5 Qf6 15. Bb5 Kg7 16. Bxc6 Rh8 17. Be5 Rxh5 18. Bxf6+ Kxf6 19. Rxh5 bxc6 20. Rc1 Bg6 21. Rh1 Rb8 22. a3 Bxc3+ 23. Rxc3 Rxb2 24. Rxc6+ Kg7 25. Rh3 Rb1+ 26. Ke2 g4 27. Rh4 Rb2+ 28. Ke1 Rb1+ 29. Kd2 Rb2+ 30. Kd1 Bf5 31. Rxc7 Rxf2 32. g3 Rf3 33. Ke2 Rxg3 34. Rxa7 Be4 35. Rh2 Rg1 36. Rf2 Bg6 37. Rf4 g3 38. Rb7 Bh5+ 39. Kd2 Rd1+ 40. Kc3 g2 41. Rbxf7+ Bxf7 42. Rg4+ Kf6 43. Rxg2 Bg6 44. Rf2+ Ke6 45. Kb4 Bd3 46. a4 Rb1+ 47. Kc5 Rc1+ 48. Kb6 Rb1+ 49. Kc5 Ra1 50. a5 Rxa5+ 51. Kb4 Rb5+ 52. Kc3 Be4 53. Rf6+ Kxf6 0-1


[Site "https://www.chess.com"]

[Event "Titled Tuesday Blitz May 10 Early 2022"]
[White "Czerw, Dawid"]
[Black "Rastbod, Ali"]
[WhiteFideId "1145746"]
[BlackFideId "12567477"]
[WhiteElo "2125"]
[BlackElo "2147"]
[Result "0-1"]
[Round "09"]
[TimeControl "180+1"]
[Date "2022.05.11"]
[WhiteClock "0:00:01"]
[BlackClock "0:00:41"]

1. d4 Nf6 2. c4 e6 3. Nc3 Bb4 4. f3 d5 5. a3 Be7 6. e4 dxe4 7. fxe4 c5 8. d5 exd5 9. exd5 O-O 10. h3 Bd6 11. Kf2 Nbd7 12. Nf3 h6 13. Bd3 Ne5 14. Nxe5 Bxe5 15. Be3 Qd6 16. Rf1 Bh2 17. Qf3 Re8 18. Rae1 Bd7 19. Ne4 Rxe4 20. Bxe4 Bg3+ 21. Ke2 Re8 22. Bd3 Bxe1 23. Rxe1 b5 24. b3 bxc4 25. bxc4 Qe5 26. Kf2 Qb2+ 27. Re2 Qxa3 28. Bc2 Qc3 29. Bxc5 Qxc4 30. Rxe8+ Bxe8 31. Bxa7 Qxc2+ 32. Kg1 Qc1+ 33. Kf2 Qd2+ 34. Kg1 Qxd5 0-1


[Site "https://www.chess.com"]

[Event "Titled Tuesday Blitz May 10 Early 2022"]
[White "Danaci, Ege"]
[Black "Tomaszewski, Kacper"]
[WhiteFideId "34506748"]
[BlackFideId "1127373"]
[WhiteElo "1799"]
[BlackElo "2153"]
[Result "0-1"]
[Round "09"]
[TimeControl "180+1"]
[Date "2022.05.11"]
[WhiteClock "0:00:12"]
[BlackClock "0:00:10"]

1. e4 d6 2. Nc3 Nf6 3. g3 c5 4. Bg2 g6 5. d3 Bg7 6. f4 O-O 7. Nf3 Nc6 8. O-O e5 9. fxe5 dxe5 10. Bg5 h6 11. Bxf6 Bxf6 12. Nd5 Bg7 13. Nd2 Be6 14. Nc4 b5 15. Nce3 Ne7 16. c4 Nxd5 17. Nxd5 Bxd5 18. cxd5 f5 19. exf5 gxf5 20. d6 Rb8 21. Qb3+ Kh8 22. Qe6 Rb6 23. Rxf5 Rxd6 24. Rxf8+ Qxf8 25. Qg4 e4 26. Bxe4 Bd4+ 27. Kg2 Rf6 28. Qh5 Rf2+ 29. Kh3 Qc8+ 30. g4 Qe6 31. Re1 Qf6 32. Bf5 Rf3+ 33. Kg2 Rf2+ 34. Kh1 Qc6+ 35. Be4 Qf6 36. Qe8+ Kg7 37. Qd7+ Kh8 38. Qxb5 Rf1+ 39. Kg2 Qf2+ 40. Kh3 Rxe1 41. Qe8+ Kg7 42. Qe7+ Qf7 0-1


[Site "https://www.chess.com"]

[Event "Titled Tuesday Blitz May 10 Early 2022"]
[White "Dang, Hoang Son"]
[Black "Ajay Krishna, S"]
[WhiteFideId "12402435"]
[BlackFideId "5096430"]
[WhiteElo "2252"]
[BlackElo "2247"]
[Result "1-0"]
[Round "09"]
[TimeControl "180+1"]
[Date "2022.05.11"]
[WhiteClock "0:01:02"]
[BlackClock "0:00:30"]

1. d4 d5 2. Bf4 e6 3. e3 Bd6 4. Nf3 Bxf4 5. exf4 Nf6 6. Bd3 O-O 7. Nbd2 b6 8. Ne5 Bb7 9. Qe2 c5 10. c3 cxd4 11. cxd4 Nc6 12. Ndf3 Nb4 13. O-O Qd6 14. Bb1 Ba6 15. Nd3 Nxd3 16. Bxd3 Bxd3 17. Qxd3 Qxf4 18. Rac1 Rfc8 19. Rc3 Ne4 20. Rxc8+ Rxc8 21. Qa6 Qb8 22. Ne5 h6 23. f3 Nf6 24. b4 b5 25. Nc6 Qc7 26. Rc1 Kh7 27. Qxb5 Ne8 28. Rc5 Qb6 29. Nxa7 Qxa7 30. Qd3+ f5 31. Rxc8 Nd6 32. Rc2 Nc4 33. Re2 Qb6 34. a3 g6 35. g4 fxg4 36. fxg4 Kg7 37. Kg2 Qa7 38. Rxe6 Qf7 39. Qe2 Kf8 40. a4 Nd2 41. Qf2 Qxf2+ 42. Kxf2 Ne4+ 43. Rxe4 dxe4 44. a5 Ke7 45. a6 Kd7 46. a7 Kc7 47. a8=Q 1-0


[Site "https://www.chess.com"]

[Event "Titled Tuesday Blitz May 10 Early 2022"]
[White "De Silva, L M S T"]
[Black "Vasquez Schroeder, Rodrigo"]
[WhiteFideId "9953698"]
[BlackFideId "3400042"]
[WhiteElo "1631"]
[BlackElo "2567"]
[Result "0-1"]
[Round "09"]
[TimeControl "180+1"]
[Date "2022.05.10"]
[WhiteClock "0:00:03"]
[BlackClock "0:00:57"]

1. e4 c5 2. Nf3 d6 3. Bb5+ Nc6 4. O-O Bd7 5. Re1 Nf6 6. c3 a6 7. Bf1 Bg4 8. d4 Bxf3 9. gxf3 cxd4 10. cxd4 d5 11. e5 Nd7 12. f4 e6 13. Nc3 g6 14. Be3 Nb6 15. Bd3 Qd7 16. a3 Be7 17. Kh1 O-O 18. Qg4 Kh8 19. Rac1 f5 20. Qe2 Rac8 21. b4 Na7 22. Rc2 Nc4 23. Bxc4 Rxc4 24. Rec1 Rfc8 25. Nd1 Nb5 26. Rxc4 dxc4 27. Nc3 Nxa3 28. d5 Nb5 29. d6 Bd8 30. Na4 Qc6+ 31. Kg1 b6 32. d7 Qxd7 33. Rxc4 Rxc4 34. Qxc4 Qd1+ 35. Kg2 Qxa4 36. Qxe6 Nc7 37. Qd6 Qe8 38. Bxb6 Ne6 39. Bxd8 Nxd8 40. Qxa6 Qc6+ 41. Qxc6 Nxc6 42. b5 Nd8 43. Kf3 Kg7 44. Ke3 Kf7 45. Kd4 Ke6 46. Kc5 Kd7 47. Kb6 Ne6 48. Ka7 Nxf4 49. b6 Ne6 50. b7 Nd8 51. f4 h6 52. b8=N+ Kc7 53. Na6+ Kc6 54. Nb8+ Kd5 55. Kb6 Ne6 56. Nd7 Nxf4 57. Kc7 Ke6 58. Kc6 g5 59. Kc5 Kxd7 0-1


[Site "https://www.chess.com"]

[Event "Titled Tuesday Blitz May 10 Early 2022"]
[White "De Souza, Cristiano Gomes"]
[Black "Miszler, Levente"]
[WhiteFideId "2151758"]
[BlackFideId "763276"]
[WhiteElo "2068"]
[BlackElo "1966"]
[Result "1-0"]
[Round "09"]
[TimeControl "180+1"]
[Date "2022.05.11"]
[WhiteClock "0:01:04"]
[BlackClock "0:00:13"]

1. d4 Nf6 2. c4 g6 3. Nc3 Bg7 4. e4 d6 5. Nf3 O-O 6. Be2 Nbd7 7. O-O e5 8. Be3 h6 9. h3 exd4 10. Nxd4 Nc5 11. f3 Re8 12. b4 Ne6 13. Nxe6 Bxe6 14. Rc1 Nd7 15. a4 a5 16. b5 Nc5 17. Qd2 Nb3 18. Qc2 Nxc1 19. Rxc1 Qf6 20. Qd2 Rad8 21. Bxh6 Qd4+ 22. Be3 Qxd2 23. Bxd2 c6 24. Kf2 d5 25. cxd5 cxd5 26. exd5 Bxd5 27. Nxd5 Rxd5 28. Bxa5 Bd4+ 29. Kf1 Bb2 30. Rc2 Ba3 31. Bb6 Rd6 32. Bf2 Red8 33. a5 Rd2 34. Rxd2 Rxd2 35. a6 bxa6 36. bxa6 Ra2 37. Bc4 Ra1+ 38. Ke2 Bd6 39. a7 Ra5 40. Bd5 Bc5 41. Bxc5 1-0


[Site "https://www.chess.com"]

[Event "Titled Tuesday Blitz May 10 Early 2022"]
[White "Derraugh, Geordie"]
[Black "Needleman, Alejandro"]
[WhiteFideId "2603950"]
[BlackFideId "100730"]
[WhiteElo "2116"]
[BlackElo "2352"]
[Result "1-0"]
[Round "09"]
[TimeControl "180+1"]
[Date "2022.05.11"]
[WhiteClock "0:00:54"]
[BlackClock "0:01:26"]

1. e4 c5 2. c3 e6 3. d4 d5 4. exd5 exd5 5. Nf3 Nc6 6. Bb5 Bd6 7. dxc5 Bxc5 8. O-O Nf6 9. Bg5 Be6 10. Qa4 O-O 11. Bxc6 bxc6 12. Qxc6 Rc8 13. Qa4 h6 14. Bh4 g5 15. Bg3 Ne4 16. Nbd2 Nxg3 17. hxg3 Bf5 18. Nd4 Be4 19. Nxe4 dxe4 20. Nf5 Qf6 21. Qxe4 Rfe8 22. Qg4 Rcd8 23. Rad1 Rxd1 24. Rxd1 Kh7 25. b4 Bb6 26. Rd6 Re6 27. Rxe6 Qxe6 28. Ne3 Bxe3 29. Qxe6 Bxf2+ 30. Kxf2 fxe6 31. Kf3 Kg6 32. Ke4 Kf6 33. c4 h5 34. c5 Ke7 35. Ke5 Kd7 36. b5 1-0


[Site "https://www.chess.com"]

[Event "Titled Tuesday Blitz May 10 Early 2022"]
[White "Devaev, Alexander"]
[Black "Martin, Lewis"]
[WhiteFideId "4169395"]
[BlackFideId "410551"]
[WhiteElo "2185"]
[BlackElo "2145"]
[Result "1-0"]
[Round "09"]
[TimeControl "180+1"]
[Date "2022.05.11"]
[WhiteClock "0:00:07"]
[BlackClock "0:00:02"]

1. d4 d5 2. c4 e6 3. Nc3 Nf6 4. cxd5 exd5 5. Bg5 Be7 6. Bxf6 Bxf6 7. e3 c6 8. Bd3 O-O 9. Nf3 Nd7 10. Qc2 h6 11. h3 b5 12. O-O Re8 13. Ne2 Qb6 14. Rac1 Bb7 15. Nf4 Rac8 16. Bf5 Re7 17. Nd3 Rc7 18. Bxd7 Rexd7 19. Nfe5 Re7 20. Ng4 Re6 21. Nxf6+ Rxf6 22. Nb4 Rd7 23. Nd3 Re7 24. Qc5 Qxc5 25. Rxc5 Rfe6 26. Rfc1 g5 27. Nb4 Rd7 28. Nxc6 Bxc6 29. Rxc6 Kf8 30. R1c5 Rb7 31. Rc8+ Ke7 32. Rxd5 b4 33. Rdc5 Ra6 34. R8c7+ Rxc7 35. Rxc7+ Ke6 36. Rb7 Rxa2 37. Rxb4 Kd5 38. g4 Ke4 39. Kg2 Kd3 40. Rb7 a5 41. b4 Rb2 42. d5 axb4 43. d6 Kc3 44. Rc7+ Kb3 45. Rxf7 Rd2 46. d7 Kc2 47. e4 b3 48. e5 b2 49. d8=Q Rxd8 50. Rc7+ Kd1 51. Rb7 Kc1 52. Rc7+ Kd1 53. Rb7 Kc1 54. f4 gxf4 55. Rc7+ Kd1 56. Rb7 Kc1 57. Kf3 b1=Q 58. Rxb1+ Kxb1 59. Kxf4 Kc2 60. Kf5 Kd3 61. e6 Ke3 62. h4 Rf8+ 63. Kg6 Ke4 64. Kxh6 Ke5 65. g5 Kxe6 66. Kg7 Rf7+ 67. Kg6 Ke7 68. h5 Rf1 69. h6 Rh1 70. Kg7 Rh5 71. g6 Ke6 72. h7 Kf5 73. Kf7 1-0


[Site "https://www.chess.com"]

[Event "Titled Tuesday Blitz May 10 Early 2022"]
[White "Dubov, Daniil"]
[Black "Zhao, Jun"]
[WhiteFideId "24126055"]
[BlackFideId "8602522"]
[WhiteElo "2791"]
[BlackElo "2547"]
[Result "1-0"]
[Round "09"]
[TimeControl "180+1"]
[Date "2022.05.10"]
[WhiteClock "0:00:26"]
[BlackClock "0:00:17"]

1. d4 Nf6 2. Nf3 d5 3. c4 e6 4. g3 Bb4+ 5. Nbd2 O-O 6. Bg2 b6 7. O-O Bb7 8. Ne5 Re8 9. Qc2 Bf8 10. b3 c5 11. dxc5 bxc5 12. Bb2 Qb6 13. e3 Nbd7 14. Nxd7 Nxd7 15. Rfd1 Rad8 16. cxd5 exd5 17. Rac1 Qe6 18. Nf3 h6 19. Ne1 Ba8 20. Nd3 Qa6 21. Nf4 Nb6 22. Nh5 Qc8 23. Nf4 Qa6 24. Rd2 Bc6 25. Rcd1 Qb7 26. Qf5 d4 27. Bxc6 Qxc6 28. exd4 cxd4 29. Bxd4 Nd5 30. Nxd5 Rxd5 31. Qf3 Red8 32. Bxa7 Rxd2 33. Qxc6 Rxd1+ 34. Kg2 Ra1 35. a4 Rdd1 36. Qc8 Rac1 37. Qb7 Bc5 38. Bxc5 Rg1+ 39. Kf3 Rxc5 40. b4 Rc3+ 41. Kg4 Rb1 42. Qa8+ Kh7 43. Qe4+ g6 44. Qxb1 1-0


[Site "https://www.chess.com"]

[Event "Titled Tuesday Blitz May 10 Early 2022"]
[White "FGHSMN"]
[Black "Petrov, Martin"]
[BlackFideId "2911086"]
[WhiteElo "2763"]
[BlackElo "2343"]
[Result "1-0"]
[Round "09"]
[TimeControl "180+1"]
[Date "2022.05.10"]
[WhiteClock "0:00:23"]
[BlackClock "0:00:10"]

1. c4 c5 2. Nc3 Nc6 3. Nf3 Nf6 4. d4 cxd4 5. Nxd4 e6 6. Bf4 d5 7. Ndb5 e5 8. Bg5 d4 9. Nd5 Nxd5 10. Bxd8 Bb4+ 11. Qd2 Bxd2+ 12. Kxd2 Kxd8 13. cxd5 Nb4 14. d6 Bf5 15. a3 Nd5 16. g4 Be4 17. f3 Bg6 18. Rc1 Rc8 19. Bh3 Nf4 20. Rxc8+ Kxc8 21. Rc1+ Kd8 22. Nxa7 Kd7 23. Rc7+ Kxd6 24. Nb5+ Ke6 25. Bf1 h5 26. g5 h4 27. Rxb7 Rd8 28. a4 Ra8 29. b3 Nd5 30. Bh3+ f5 31. gxf6+ Kxf6 32. Rd7 Nf4 33. Rd6+ Kf7 34. Bd7 Ke7 35. Bc6 Ra6 36. Rd7+ Ke6 37. Nc7+ Kf6 38. Nxa6 1-0


[Site "https://www.chess.com"]

[Event "Titled Tuesday Blitz May 10 Early 2022"]
[White "Fedoseev, Vladimir"]
[Black "Jobava, Baadur"]
[WhiteFideId "24130737"]
[BlackFideId "13601520"]
[WhiteElo "2726"]
[BlackElo "2617"]
[Result "1-0"]
[Round "09"]
[TimeControl "180+1"]
[Date "2022.05.10"]
[WhiteClock "0:00:14"]
[BlackClock "0:00:03"]

1. e4 c6 2. c3 d5 3. exd5 cxd5 4. d4 Nc6 5. Bf4 Bf5 6. Nd2 e6 7. Ngf3 Bd6 8. Bxd6 Qxd6 9. Nh4 Bg6 10. g3 Nf6 11. Nxg6 hxg6 12. Bd3 O-O-O 13. f4 Kb8 14. Qe2 Ne7 15. Nf3 Nf5 16. O-O-O Qc7 17. Kb1 Nd6 18. Ng5 Nh7 19. Nf3 Nf6 20. Rc1 Rc8 21. Rhe1 Ka8 22. Rc2 Qb6 23. Ng5 Rc7 24. Ka1 Rhc8 25. Rec1 a6 26. b3 Ka7 27. Qe5 Nf5 28. Kb2 Ng4 29. Qe1 Nxd4 30. cxd4 Qxd4+ 31. Rc3 Nf2 32. Be2 Ne4 33. Nxe4 dxe4 34. Qd1 Qf6 35. Qg1+ Kb8 36. Qe3 Rc6 37. b4 g5 38. fxg5 Rxc3 39. gxf6 Rxe3 40. Rxc8+ Kxc8 41. fxg7 Rxe2+ 42. Kc1 Kd7 43. g8=Q f5 44. Qg7+ Kd6 45. Qd4+ Ke7 46. Qc5+ Kf6 47. Qc3+ Kg6 48. Qc4 Rxh2 49. Qxe6+ Kg5 50. Qg8+ Kf6 51. Qd8+ Ke5 52. Qc7+ Kd4 53. Qc5+ Kd3 54. Qxf5 Rc2+ 55. Kb1 Rg2 56. g4 Kd4 57. Qf6+ Kc4 58. Qf1+ 1-0


[Site "https://www.chess.com"]

[Event "Titled Tuesday Blitz May 10 Early 2022"]
[White "Ferreira, Vitor Hugo Vieira"]
[Black "Piesik, Piotr"]
[WhiteFideId "2119765"]
[BlackFideId "1136194"]
[WhiteElo "2165"]
[BlackElo "2190"]
[Result "1-0"]
[Round "09"]
[TimeControl "180+1"]
[Date "2022.05.11"]
[WhiteClock "0:00:12"]
[BlackClock "0:01:07"]

1. d4 c5 2. d5 e5 3. dxe6 fxe6 4. c4 Nf6 5. Nc3 d5 6. cxd5 exd5 7. e4 d4 8. e5 dxc3 9. Qxd8+ Kxd8 10. exf6 Nd7 11. bxc3 Nxf6 12. Bf4 Be6 13. O-O-O+ Ke8 14. Bb5+ Kf7 15. Nf3 h6 16. Ne5+ Kg8 17. Rhe1 g5 18. Bg3 Kg7 19. Ng6 Kxg6 20. Rxe6 Kf7 21. Bc4 b5 22. Be5 bxc4 23. Rxf6+ Ke7 24. Rdd6 Bg7 25. Rfe6+ Kf7 26. Bxg7 Kxg7 27. Rd7+ Kf8 28. Rc6 Rg8 29. Rxh6 Ke8 30. Rc7 Rd8 31. Re6+ Kf8 32. Rxc5 Kf7 33. Ra6 Rd7 34. Rf5+ Ke7 35. Re5+ Kf7 36. Rc5 Re7 37. Rxc4 Rd8 38. Rd4 Rc8 39. Kd2 Rd7 40. Rxd7+ 1-0


[Site "https://www.chess.com"]

[Event "Titled Tuesday Blitz May 10 Early 2022"]
[White "Fier, Alexandr"]
[Black "Zhigalko, Sergei"]
[WhiteFideId "2107139"]
[BlackFideId "13502956"]
[WhiteElo "2571"]
[BlackElo "2662"]
[Result "1/2-1/2"]
[Round "09"]
[TimeControl "180+1"]
[Date "2022.05.10"]
[WhiteClock "0:00:28"]
[BlackClock "0:00:29"]

1. d4 Nf6 2. c4 e6 3. Nc3 Bb4 4. e3 O-O 5. Ne2 d5 6. a3 Be7 7. cxd5 exd5 8. Nf4 Re8 9. Bd3 c6 10. O-O Nbd7 11. Bc2 Nf8 12. b4 Ng6 13. Nfe2 Bd6 14. f3 Qc7 15. g3 Bh3 16. Rf2 Rad8 17. Rb1 h5 18. Nf4 Bxf4 19. exf4 Qc8 20. b5 cxb5 21. Bd2 a6 22. a4 Qc4 23. axb5 Qxd4 24. Ne2 Qc5 25. bxa6 bxa6 26. Bb4 Qe3 27. Rb3 Qa7 28. Nd4 Rb8 29. Nc6 Qb6 30. Nxb8 Qxb8 31. Bc3 Qa7 32. Bd4 Qxd4 33. Bd3 a5 34. Ra3 Qc5 35. Ra1 d4 36. Rc2 Qd6 37. Rxa5 Nd5 38. Re2 Ne3 39. Qb3 Re7 40. Rxh5 Be6 41. Qa4 Nf8 42. Qa8 g6 43. Re5 Bd5 44. Qa6 Qxa6 45. Bxa6 Rxe5 46. fxe5 Bxf3 47. Rd2 Ne6 48. Bc8 Nc5 49. Rxd4 Bc6 50. Rd6 Be4 51. e6 Nxe6 52. Bxe6 fxe6 53. Rxe6 Nf5 54. Rxe4 Kg7 55. Rf4 Ne7 56. Ra4 Nd5 57. Ra5 Nf6 58. Kg2 Kh6 59. Kf3 Nd7 60. h4 Nb6 61. g4 Nc4 62. Rc5 Nd2+ 63. Kf4 Nb3 64. Rd5 Nc1 65. g5+ Kh5 66. Re5 Nd3+ 67. Ke4 Nxe5 68. Kxe5 Kxh4 69. Kf4 Kh5 70. Kf3 Kxg5 71. Kg3 Kf5 72. Kf3 Kg5 73. Kg3 Kf5 74. Kf3 Kf6 75. Kf4 Kg7 76. Kg5 Kf7 77. Kg4 Kf6 78. Kf4 Kg7 79. Kg5 Kh7 80. Kg4 Kh6 81. Kh4 g5+ 82. Kg4 Kg6 83. Kg3 Kh5 84. Kh3 g4+ 85. Kg3 Kg5 86. Kg2 Kf4 87. Kf2 Kf5 88. Kg3 Kg5 89. Kg2 Kh4 90. Kh2 g3+ 91. Kg2 Kg4 92. Kg1 Kf3 93. Kf1 Kf4 94. Kg2 Kg4 95. Kg1 Kh3 96. Kh1 Kh4 97. Kg2 Kg4 1/2-1/2


[Site "https://www.chess.com"]

[Event "Titled Tuesday Blitz May 10 Early 2022"]
[White "Friedel, Tom"]
[Black "Zherebtsova, Alexandra"]
[WhiteFideId "2002108"]
[BlackFideId "24129518"]
[WhiteElo "2332"]
[BlackElo "2025"]
[Result "0-1"]
[Round "09"]
[TimeControl "180+1"]
[Date "2022.05.11"]
[WhiteClock "0:00:07"]
[BlackClock "0:00:07"]

1. e4 e5 2. Nf3 Nc6 3. Bc4 Nf6 4. d3 h6 5. O-O d6 6. a4 g6 7. Nc3 Bg7 8. h3 O-O 9. Be3 Nh5 10. d4 Nf4 11. dxe5 dxe5 12. Bc5 Re8 13. Nd5 Nxd5 14. Bxd5 Bd7 15. Qd3 Qf6 16. Rad1 Rad8 17. Qb3 b6 18. Be3 Na5 19. Qc3 c6 20. Ba2 Bxh3 21. b4 Nb7 22. Bxb6 axb6 23. gxh3 Bf8 24. Kg2 Rc8 25. Bc4 Nd6 26. Bd3 c5 27. Ba6 Ra8 28. Qd3 Nxe4 29. Qxe4 Rxa6 30. Ra1 cxb4 31. Qb7 Rea8 32. Rfe1 Bc5 33. Qd5 Kg7 34. Qxe5 Rxa4 35. Rxa4 Qxe5 36. Rxe5 Rxa4 37. Rd5 Ra2 38. Rd7 Rxc2 39. Ne5 b3 40. Nd3 b2 41. Nxb2 Rxb2 42. Kg3 Re2 43. f4 Re6 44. f5 Rf6 45. Kf4 Rxf5+ 46. Ke4 Rf6 47. Kd5 Bf2 48. Rb7 b5 49. Ke4 Rb6 50. Kd3 Rxb7 0-1


[Site "https://www.chess.com"]